 Dungeon Crawl Stone Soup version 0.22-a0-570-g58866f5d57 (webtiles) character file.

22 Kholdaimon the Charmwright (level 2, -1/26 HPs)
             Began as a Gnoll Skald on June 30, 2018.
             Slain by a kobold
             ... wielding a +0 short sword
              (4 damage)
             ... on level 1 of the Dungeon.
             The game lasted 00:02:44 (647 turns).

Kholdaimon the Charmwright (Gnoll Skald)             Turns: 647, Time: 00:02:45

Health: -1/26      AC:  3    Str: 13    XL:     2   Next: 91%
Magic:  7/7        EV: 14    Int: 15    God:
Gold:   45         SH:  0    Dex: 14    Spells: 9/10 levels left

rFire    . . .     SeeInvis .   a - +0 falchion
rCold    . . .     Gourm    .   (no shield)
rNeg     . . .     Faith    .   b - +0 leather armour
rPois    .         Spirit   .   (no helmet)
rElec    .         Reflect  .   (no cloak)
rCorr    .         Harm     .   (no gloves)
MR       .....                  (no boots)
Stlth    +.........             (no amulet)
HPRegen  0.08/turn              (no ring)
MPRegen  0.10/turn              (no ring)

@: no status effects
A: distributed training, fangs 1, strong nose
a: no special abilities


You were on level 1 of the Dungeon.
You were not hungry.

You visited 1 branch of the dungeon, and saw 1 of its levels.

You collected 45 gold pieces.

Inventory:

Hand Weapons
 a - a +0 falchion (weapon)
 f - a +0 hunting sling
 l - a +0 hunting sling
Missiles
 e - 32 sling bullets
Armour
 b - a +0 leather armour (worn)
Jewellery
 h - an uncursed ring of ice {unknown}
Scrolls
 g - 3 scrolls of identify {unknown}
 j - a scroll of teleportation {unknown}
 k - a scroll of enchant weapon {unknown}
 m - a scroll of noise {unknown}
Potions
 i - a potion of brilliance {unknown}
Comestibles
 c - 2 chunks of flesh
 d - 4 rations


   Skills:
 + Level 4.5 Fighting
 + Level 0.5 Short Blades
 + Level 4.5 Long Blades
 + Level 0.5 Axes
 + Level 0.5 Maces & Flails
 + Level 0.5 Polearms
 + Level 0.5 Staves
 + Level 0.5 Slings
 + Level 0.5 Bows
 + Level 0.5 Crossbows
 + Level 0.5 Throwing
 + Level 2.5 Armour
 + Level 4.5 Dodging
 + Level 0.5 Stealth
 + Level 0.5 Shields
 + Level 0.5 Unarmed Combat
 + Level 4.9 Spellcasting
 + Level 0.4 Conjurations
 + Level 0.4 Hexes
 + Level 5.4 Charms
 + Level 0.4 Summonings
 + Level 0.4 Necromancy
 + Level 0.4 Translocations
 + Level 0.4 Transmutations
 + Level 0.4 Fire Magic
 + Level 0.4 Ice Magic
 + Level 0.4 Air Magic
 + Level 0.4 Earth Magic
 + Level 0.4 Poison Magic
 + Level 0.7 Invocations
 + Level 0.5 Evocations


You had 9 spell levels left.
You knew the following spells:

 Your Spells              Type           Power        Failure   Level  Hunger
a - Infusion              Chrm           ###.         2%          1    None

Your spell library contained the following spells:

 Spells                   Type           Power        Failure   Level  Hunger
 Regeneration             Chrm/Necr      ##........   19%         3    ###....
 Shroud of Golubria       Chrm/Tloc      ##........   10%         2    ##.....
 Song of Slaying          Chrm           ###.....     3%          2    ##.....
 Spectral Weapon          Hex/Chrm       ##......     19%         3    ###....


Dungeon Overview and Level Annotations

Branches:
Dungeon (1/15)

Altars:


Innate Abilities, Weirdness & Mutations

Your experience applies equally to all skills.
You have very sharp teeth.
Your uncanny sense of smell can sniff out nearby items.


Message History

You hit the hobgoblin.
The hobgoblin is almost dead.
The kobold misses you. The hobgoblin misses you.
The frilled lizard barely misses you.
You riposte.
You barely miss the frilled lizard. You hit the hobgoblin.
You kill the hobgoblin!
The kobold hits you with a short sword. The frilled lizard barely misses you.
You riposte.
You barely miss the frilled lizard. You hit the kobold but do no damage.
You bite the kobold, but do no damage. The kobold hits you with a short sword.
* * * LOW HITPOINT WARNING * * *
The frilled lizard bites you.
* * * LOW HITPOINT WARNING * * *
The kobold hits you but does no damage.
You closely miss the kobold. You bite the kobold, but do no damage.
The frilled lizard bites you.
* * * LOW HITPOINT WARNING * * *
The kobold hits you with a short sword.
You die...

#############.#.#
..............#.#
######÷########.########
.......##..............#
.#.##..##.............>#
...###.##..............#
...# #..#..............#
.#.####.#......))K.....#
................@l.....#
.......................#
...###..>........(.....#
##.# #...######(########
#.# #...# #.# #.#
#.#.### #.#
##.###.#.#.####.#
..........÷.....#
##.###.#........#


You could see a kobold and a frilled lizard.

Vanquished Creatures
  A leopard gecko (D:1)
  3 bats (D:1)
  3 goblins (D:1)
  5 hobgoblins (D:1)
  A frilled lizard (D:1)
  3 kobolds (D:1)
  4 rats (D:1)
20 creatures vanquished.

Notes
Turn   | Place    | Note
-------+----------+-------------------------------------------
     0 | D:1      | Kholdaimon the Gnoll Skald began the quest for the Orb.
     0 | D:1      | Reached XP level 1. HP: 20/20 MP: 6/6
   220 | D:1      | Reached XP level 2. HP: 26/26 MP: 7/7
   647 | D:1      | Slain by a kobold

Vault maps used:
D:1:      matt_arrival_refuge, minmay_tripent

Action                   || total
-------------------------++-------
Melee: Falchion          ||    59
       Bite              ||     9
Armor: Leather armour    ||    11
Dodge: Dodged            ||    56
       Rpst.: Falchion   ||    17

Table legend:
 A = Spawn XP
 B = Non-spawn XP
 C = Spawn XP percentage of total XP
 D = Spawn monster count
 E = Non-spawn monster count
 F = Spawn count percentage of total count
 G = Total turns spent on level
                    A         B        C        D         E        F      G
               +---------+---------+-------+---------+---------+-------+---------
         Total |       0 |      32 |   0.0 |       0 |      20 |   0.0 |   647
               +---------+---------+-------+---------+---------+-------+---------
           D:1 |       0 |      32 |   0.0 |       0 |      20 |   0.0 |   647
               +---------+---------+-------+---------+---------+-------+---------
